 Dungeon Crawl Stone Soup version 0.26-a0-667-g92642533e4 (webtiles) character file.

Game seed: 7120703276624607776

32 vortex the Firebug (level 3, 0/20 HPs)
             Began as a Deep Elf Fire Elementalist on Oct 16, 2020.
             Succumbed to an adder's poison
             ... on level 2 of the Dungeon.
             The game lasted 00:04:25 (830 turns).

vortex the Firebug (Deep Elf Fire Elementalist)      Turns: 830, Time: 00:04:25

Health: 0/20       AC:  3    Str: 11    XL:     3   Next: 8%
Magic:  5/9        EV: 13    Int: 20    God:
Gold:   57         SH:  0    Dex: 15    Spells: 7/8 levels left

rFire    . . .     SeeInvis .   b - +0 dagger
rCold    . . .     Faith    .   (no shield)
rNeg     . . .     Spirit   .   h - +0 leather armour
rPois    .         Reflect  .   (no helmet)
rElec    .         Harm     .   (no cloak)
rCorr    .         Rampage  .   (no gloves)
MR       .....                  (no boots)
Stlth    ++........             (no amulet)
HPRegen  0.06/turn              c - +6 ring of strength
MPRegen  0.11/turn              e - ring of wizardry

@: lethally poisoned (0 -> -6)
A: no striking features
a: no special abilities


You were on level 2 of the Dungeon.
You visited 1 branch of the dungeon, and saw 2 of its levels.

You collected 57 gold pieces.

Inventory:

Hand Weapons
 b - a +0 dagger (weapon)
Armour
 h - a +0 leather armour (worn)
Jewellery
 c - a +6 ring of strength (left hand)
 e - a ring of wizardry (right hand)
Scrolls
 d - 2 scrolls of teleportation {unknown}
 f - a scroll of immolation {unknown}
 g - a scroll of blinking {unknown}


   Skills:
 + Level 0.7 Fighting
 + Level 2.9 Dodging
 - Level 2.4 Stealth
 + Level 3.4 Spellcasting
 + Level 1.7 Conjurations
 + Level 3.6 Fire Magic


You had 7 spell levels left.
You knew the following spells:

 Your Spells              Type           Power        Failure   Level
a - Foxfire               Conj/Fire      ##..         2%          1

Your spell library contained the following spells:

 Spells                   Type           Power        Failure   Level
 Conjure Flame            Conj/Fire      ##......     8%          3
 Inner Flame              Hex/Fire       ##......     11%         3
 Sticky Flame             Conj/Fire      ##......     24%         4
 Fireball                 Conj/Fire      ##........   52%         5


Dungeon Overview and Level Annotations

Branches:
Dungeon (2/15)

Altars:


Message History

You kill the adder!
You have reached level 3!
Your experience leads to an increase in your attributes!
Your base attributes are Str 5, Int 19, Dex 15.
Increase (S)trength, (I)ntelligence, or (D)exterity?
You feel clever.
You aren't carrying any potions.
There is a lethal amount of poison in your body!
* * * LOW HITPOINT WARNING * * *
You feel sick.
* * * LOW HITPOINT WARNING * * *
You feel sick.
* * * LOW HITPOINT WARNING * * *
You feel sick.
* * * LOW HITPOINT WARNING * * *
You feel sick.
There is a lethal amount of poison in your body!
* * * LOW HITPOINT WARNING * * *
You feel sick.
You die...

... . ... ). #.. .<.
#.# .)## #.# #
####..... #.##.#
#........ #####....#
#.# # #....@#
#.###....
#.###.######........
#.......#####ยง#.
#######.#####
#....<# #######


There were no monsters in sight!

Vanquished Creatures
  An adder (D:2)
  A dart slug (D:1)
  A leopard gecko (D:1)
  2 bats (D:1)
  3 giant cockroaches (D:1)
  2 goblins
  2 hobgoblins (D:1)
  A kobold (D:1)
  2 frilled lizards
  3 rats (D:1)
18 creatures vanquished.

Vanquished Creatures (others)
  79 foxfires
79 creatures vanquished.

Grand Total: 97 creatures vanquished

Notes
Turn   | Place    | Note
-------+----------+-------------------------------------------
     0 | D:1      | vortex the Deep Elf Fire Elementalist began the quest for
                  | the Orb.
     0 | D:1      | Reached XP level 1. HP: 10/10 MP: 6/6
   281 | D:1      | Reached XP level 2. HP: 15/15 MP: 4/8
   820 | D:2      | Reached XP level 3. HP: 5/20 MP: 3/9
   828 | D:2      | HP: 1/20 [poisoned by an adder]
   830 | D:2      | Succumbed to an adder's poison

Illustrated notes

Levels and vault maps discovered:
D:1:      roderic_crossed_star, layout_rooms, kennysheep_small_spiral
D:2:      layout_basic, lemuel_doored_altar, lemuel_coloured_pillars_altar,
          grunt_temple_overflow_open

Action                   || total
-------------------------++-------
Melee: Dagger            ||     4
 Cast: Foxfire           ||    47
Dodge: Dodged            ||     4

Table legend: (Time is in decaauts)
 A = Elapsed time spent in this place.
 B = Non-inter-level travel time spent in this place.
 C = Inter-level travel time spent in this place.
 D = Time resting spent in this place.
 E = Time spent auto-exploring this place.
 F = Levels seen in this place.
 G = Mean time per level.
                   A        B        C        D        E       F      G
               +--------+--------+--------+--------+--------+-----+--------+
         Total |    828 |    790 |     38 |      0 |    654 |   2 |  414.0 |
       Dungeon |    828 |    790 |     38 |      0 |    654 |   2 |  414.0 |
               +--------+--------+--------+--------+--------+-----+--------+

Top non-repeatable levels by time:
     D:1: 783 daAuts
     D:2: 44 daAuts
